 Dungeon Crawl Stone Soup version 0.28-a0-1613-gdaab1c2f9b (webtiles) character file.

Game seed: 4601572098871823067

1255 murtidash the Spear-Bearer (level 8, -1/63 HPs)
             Began as a Merfolk Gladiator on Jan 21, 2022.
             Succumbed to a killer bee's poison
             ... on level 5 of the Dungeon.
             The game lasted 00:09:38 (4834 turns).

murtidash the Spear-Bearer (Merfolk Gladiator)      Turns: 4834, Time: 00:09:38

Health: -1/63      AC: 13    Str: 18    XL:     8   Next: 51%
Magic:  8/8        EV: 13    Int:  8    God:
Gold:   198        SH:  0    Dex: 19    Spells: 7/7 levels left

rFire   . . .      SeeInvis .   a - +0 trident
rCold   . . .      Faith    .   (no shield)
rNeg    . . .      Spirit   .   o - +5 ring mail of Gaigi {Str+2 Dex+4}
rPois   .          Reflect  .   c - +0 helmet
rElec   .          Harm     .   e - +0 cloak
rCorr   .          Rampage  .   (no gloves)
Will    +....                   y - +0 pair of boots
Stlth   ++........              b - amulet of the acrobat
HPRegen 0.20/turn               l - ring of willpower
MPRegen 0.11/turn               (no ring)

@: lethally poisoned (-1 -> -11)
A: (nimble swimmer 2), mertail, robust 1
a: no special abilities


You were on level 5 of the Dungeon.
You visited 1 branch of the dungeon, and saw 5 of its levels.

You collected 198 gold pieces.

Inventory:

Hand Weapons
 a - a +0 trident (weapon)
 p - the +4 dagger "Xionuhum" {freeze, rElec Will++ Str+2 Int+2}
   (You found it on level 3 of the Dungeon)

   It freezes those it strikes, dealing additional cold damage.
   It can also slow down cold-blooded creatures.
   Str:       It affects your strength (+2).
   Int:       It affects your intelligence (+2).
   rElec:     It insulates you from electricity.
   Will:      It greatly increases your willpower.
 w - the +6 dagger of the Desert {freeze, Int+2}
   (You found it on level 5 of the Dungeon)

   It freezes those it strikes, dealing additional cold damage.
   It can also slow down cold-blooded creatures.
   Int:       It affects your intelligence (+2).
Missiles
 d - 3 throwing nets {=f, !d}
Armour
 c - a +0 helmet (worn)
 e - a +0 cloak (worn)
   (You found it on level 1 of the Dungeon)
 o - the +5 ring mail of Gaigi (worn) {Str+2 Dex+4}
   (You found it on level 3 of the Dungeon)

   Str:       It affects your strength (+2).
   Dex:       It affects your dexterity (+4).
 y - a +0 pair of boots (worn)
   (You found it on level 5 of the Dungeon)
Jewellery
 b - an amulet of the acrobat (around neck)
   (You found it on level 4 of the Dungeon)
 l - a ring of willpower (left hand)
   (You found it on level 2 of the Dungeon)
Wands
 s - a wand of polymorph (8)
   (You took it off Edmund on level 4 of the Dungeon)
Scrolls
 f - 2 scrolls of teleportation {unknown}
 g - 2 scrolls of blinking {unknown}
 h - a scroll of fog {unknown}
 k - a scroll of identify {unknown}
 n - 2 scrolls of amnesia
 q - a scroll of noise {unknown}
 r - a scroll of immolation {unknown}
 x - a scroll of enchant armour {unknown}
Potions
 v - a potion of flight


   Skills:
 + Level 3.2 Fighting
 + Level 13.6 Polearms
 - Level 2.0 Throwing
 + Level 1.3 Armour
 - Level 4.0 Dodging
 + Level 2.3 Stealth


You had 7 spell levels left.
You didn't know any spells.
Your spell library contained the following spells:

 Spells                   Type           Power      Damage    Failure   Level
 Animate Skeleton         Necr           0%         N/A       61%         1
 Pain                     Necr           0%         1d4       61%         1
 Blink                    Tloc           0%         N/A       75%         2
 Lesser Beckoning         Tloc           0%         N/A       93%         3
 Ozocubu's Armour         Ice            0%         N/A       93%         3
 Vampiric Draining        Necr           0%         2d6       93%         3
 Manifold Assault         Tloc           0%         N/A       100%        5
 Metabolic Englaciation   Hex/Ice        0%         N/A       100%        5
 Simulacrum               Ice/Necr       0%         N/A       100%        6


Dungeon Overview and Level Annotations

Branches:
Dungeon (5/15)
 Temple: D:4-7

Altars:
Uskayaw

Shops:
D:3 :*:=


Innate Abilities, Weirdness & Mutations

((You are very nimble when in or above water. (Stealth+, EV+, Speed+++)))
Your lower body shifts to a powerful aquatic tail in water.
You are robust. (+10% HP)


Message History

You are too injured to fight recklessly!
A water moccasin skeleton comes into view.
The water moccasin completely misses you.
You hit the water moccasin. The water moccasin bites you!
You take 8 damage, and have 34/63 hp.
You miss the water moccasin. The water moccasin misses you.
You miss the water moccasin. You hit the water moccasin.
The water moccasin bites you!
You take 9 damage, and have 26/63 hp.
You miss the water moccasin. The water moccasin misses you.
The water moccasin closely misses you.
The water moccasin completely misses you.
Sorry, you're not good enough to have a special ability.
Okay, then.
Okay, then.
Unknown command.
Unknown command.
As you read the scroll labelled USMORO VEWKUCS, it crumbles to dust.
It is a scroll of amnesia.
You feel forgetful for a moment. The killer bee barely misses you.
The water moccasin bites you.
You are poisoned.
The water moccasin poisons you! The killer bee completely misses you.
The water moccasin bites you.
You are lethally poisoned!
The water moccasin poisons you!
You take 7 damage, and have 20/63 hp.
You feel better. The killer bee stings you.
You are poisoned.
The killer bee poisons you! The water moccasin misses you.
The killer bee stings you.
You are more poisoned.
The killer bee poisons you!
You regained 7 hp, and now have 27/63 hp.
It was a potion of magic.
Magic courses through your body.
You feel very sick. The killer bee completely misses you.
The water moccasin misses you. The killer bee closely misses you.
You take 3 damage, and have 24/63 hp.
It was a potion of heal wounds.
You feel much better.
You feel very sick. The water moccasin barely misses you.
The killer bee misses you. The water moccasin bites you!
The killer bee stings you but does no damage.
You regained 17 hp, and now have 41/63 hp.
It was a potion of haste.
You feel yourself speed up.
You feel very sick. The killer bee closely misses you.
The water moccasin bites you. The jelly barely misses you.
The killer bee stings you!
You take 14 damage, and have 27/63 hp.
MASSIVE DAMAGE!!
You feel sick. The jelly completely misses you.
You take 1 damage, and have 26/63 hp.
You feel sick.
You take 1 damage, and have 25/63 hp.
You feel sick.
You take 1 damage, and have 24/63 hp.
You feel sick.
You feel sick.
You take 1 damage, and have 23/63 hp.
You feel sick.
You take 1 damage, and have 22/63 hp.
The killer bee stings you.
You take 2 damage, and have 20/63 hp.
You feel sick.
There is a stone staircase leading down here.
You take 1 damage, and have 19/63 hp.
You feel sick.
You take 1 damage, and have 18/63 hp.
You feel sick.
You are no longer poisoned.
The killer bee completely misses you.
You take 1 damage, and have 17/63 hp.
You miss the killer bee.
You hit the killer bee but do no damage.
The killer bee stings you.
* * * LOW HITPOINT WARNING * * *
You are poisoned.
The killer bee poisons you!
You take 4 damage, and have 14/63 hp.
You puncture the killer bee!
You feel sick. The killer bee misses you.
You take 1 damage, and have 13/63 hp.
You hit the killer bee.
You feel sick. The killer bee stings you.
* * * LOW HITPOINT WARNING * * *
You are lethally poisoned!
The killer bee poisons you!
You take 6 damage, and have 7/63 hp.
You hit the killer bee.
* * * LOW HITPOINT WARNING * * *
You feel sick. The killer bee stings you.
* * * LOW HITPOINT WARNING * * *
You take 5 damage, and have 2/63 hp.
You closely miss the killer bee.
* * * LOW HITPOINT WARNING * * *
You feel sick.
You take 1 damage, and have 1/63 hp.
It was a potion of cancellation.
Your magical effects are unravelling.
You feel magically purged.
You feel yourself slow down.
You are no longer corroded.
You die...

###.#.# #. #.#.# #. #.#.#
#. #.#.#### #. #......##
#. ###.....# #. ####..# #.
#..#####################
##......@ySJ.YZ...Z......
#...#######..n...........
##...############.........
#8...8#...................
##...##.#########.........
#...##.#########........)
##...##.........#.........
#8...8#.........#######...
##...##.........# #...


You could see a water moccasin, an ice beast, a necrophage, a jelly, a killer
bee and a water moccasin skeleton.

Vanquished Creatures
  Grinder (D:2)
  Edmund (D:4)
  A sky beast (D:5)
  A black bear (D:5)
  An ogre (D:4)
  Blork the orc (D:5)
  A centaur zombie (D:5)
  2 orc priests
  A centaur skeleton (D:4)
  A hound (D:4)
  Crazy Yiuf (D:4)
  Jessica (D:2)
  5 iguanas
  4 orc wizards
  A hound skeleton (D:4)
  4 adders
  A white imp (D:5)
  An ufetubus (D:5)
  2 adder skeletons (D:4)
  3 worms
  4 dart slugs
  13 orcs
  6 ball pythons
  3 endoplasms
  A giant cockroach (D:3)
  3 goblins (D:1)
  10 hobgoblins
  4 quokkas
  3 bats
  3 frilled lizards
  7 kobolds
  5 rats
96 creatures vanquished.

Vanquished Creatures (others)
  3 fungi (D:2)
  A plant (D:2)
4 creatures vanquished.

Grand Total: 100 creatures vanquished

Notes
Turn   | Place    | Note
-------+----------+-------------------------------------------
     0 | D:1      | murtidash the Merfolk Gladiator began the quest for the
                  | Orb.
     0 | D:1      | Reached XP level 1. HP: 16/16 MP: 1/1
    84 | D:1      | Reached skill level 5 in Polearms
   115 | D:1      | Reached XP level 2. HP: 22/22 MP: 2/2
   446 | D:1      | Reached skill level 6 in Polearms
   446 | D:1      | Reached XP level 3. HP: 21/27 MP: 3/3
  1057 | D:2      | HP: 2/27 [worm (8)]
  1478 | D:2      | Found a faded altar of an unknown god.
  1511 | D:2      | Found a hide-covered altar of Uskayaw.
  1613 | D:2      | Reached XP level 4. HP: 33/33 MP: 4/4
  1772 | D:2      | Noticed Jessica
  1783 | D:2      | Killed Jessica
  1784 | D:2      | Reached skill level 7 in Polearms
  2140 | D:3      | Noticed Grinder
  2144 | D:2      | Gained mutation: You are robust. (+10% HP) [potion of
                  | mutation]
  2148 | D:2      | Paralysed by Grinder for 2 turns
  2164 | D:2      | Killed Grinder
  2165 | D:2      | Reached skill level 9 in Polearms
  2165 | D:2      | Reached XP level 5. HP: 36/41 MP: 5/5
  2165 | D:2      | Reached XP level 6. HP: 42/48 MP: 6/6
  2264 | D:3      | Reached skill level 10 in Polearms
  2366 | D:3      | Identified the +5 ring mail of Gaigi {Str+2 Dex+4}
  2381 | D:3      | Found Nesur's Jewellery Boutique.
  2458 | D:3      | Found Giaw's Book Shoppe.
  2461 | D:3      | Identified the +4 dagger "Xionuhum" {freeze, rElec Will++
                  | Str+2 Int+2}
  2469 | D:3      | Found Wymp's Book Shoppe.
  2514 | D:3      | Found Wynu's General Store.
  2886 | D:4      | Noticed Edmund
  3010 | D:4      | Killed Edmund
  3011 | D:4      | Reached skill level 11 in Polearms
  3011 | D:4      | Reached XP level 7. HP: 41/55 MP: 7/7
  3224 | D:4      | Found a runed translucent door.
  3225 | D:4      | Noticed Crazy Yiuf
  3586 | D:4      | Reached skill level 12 in Polearms
  3853 | D:4      | Killed Crazy Yiuf
  3944 | D:5      | Entered Level 5 of the Dungeon
  4071 | D:5      | Noticed Blork the orc
  4087 | D:4      | Reached skill level 13 in Polearms
  4087 | D:4      | Reached XP level 8. HP: 47/61 MP: 8/8
  4167 | D:5      | Killed Blork the orc
  4365 | D:5      | Reached skill level 1 in Stealth
  4490 | D:5      | Identified the +6 dagger of the Desert {freeze, Int+2}
  4629 | D:5      | Reached skill level 3 in Fighting
  4629 | D:5      | Reached skill level 1 in Armour
  4629 | D:5      | Reached skill level 2 in Stealth
  4831 | D:5      | HP: 12/63 [poisoned by a killer bee]
  4832 | D:5      | HP: 2/63 [killer bee (4)]
  4834 | D:5      | Succumbed to a killer bee's poison

Illustrated notes

Levels and vault maps discovered:
D:1:      dpeg_arrival_round_a, layout_loops_ring, glass_columns_a,
          minmay_shallow_snake_nest
D:2:      layout_basic, shapermc_ecumenical_altar_acropolis, basic_altar,
          chequers_serial_rivers_micro_c, corner_web_ring, minmay_circle_x,
          uniq_jessica
D:3:      layout_basic, serial_shops, shop, nicolae_square_shop,
          nicolae_shop_crystal, shop, uniq_grinder
D:4:      layout_loops_cross, uniq_edmund, uniq_crazy_yiuf_cottage
D:5:      layout_basic, minmay_temple_entry_enclosed_plants,
          serial_corexii_hall, corexii_hall_statues_deadend,
          chequers_hall_statues_y, minmay_ruined_shrine, uniq_blork_the_orc,
          uniq_ijyb

Skill      XL: |  1  2  3  4  5  6  7  8 |
---------------+-------------------------+-----
Polearms       | 5 6 9 11 13 | 13.6
Stealth        | 2 |  2.3
Fighting       | 3 |  3.2
Armour         | 1 |  1.3
Throwing       | |  2.0
Dodging        | |  4.0

Action                   |  1- 3 |  4- 6 |  7- 9 || total
-------------------------+-------+-------+-------++-------
Melee: Trident           |   118 |    75 |   209 ||   402
       Punch             |       |     2 |     1 ||     3
Evoke: Wand              |       |       |     1 ||     1
  Use: Potion            |       |     5 |     5 ||    10
       Scroll            |       |       |     1 ||     1
 Stab: Sleeping          |     2 |       |       ||     2
       Invisible         |       |     1 |       ||     1
       Distracted        |       |       |     1 ||     1
Armor: Leather armour    |    30 |     2 |       ||    32
       Ring mail         |       |     5 |    32 ||    37
Dodge: Dodged            |    71 |    17 |    79 ||   167

Table legend: (Time is in decaauts)
 A = Elapsed time spent in this place.
 B = Non-inter-level travel time spent in this place.
 C = Inter-level travel time spent in this place.
 D = Time resting spent in this place.
 E = Time spent auto-exploring this place.
 F = Levels seen in this place.
 G = Mean time per level.
                   A        B        C        D        E       F      G
               +--------+--------+--------+--------+--------+-----+--------+
         Total |   4760 |   4559 |    201 |    164 |   3571 |   5 |  952.0 |
       Dungeon |   4760 |   4559 |    201 |    164 |   3571 |   5 |  952.0 |
               +--------+--------+--------+--------+--------+-----+--------+

Top non-repeatable levels by time:
     D:2: 1365 daAuts
     D:4: 1074 daAuts
     D:1: 860 daAuts
     D:5: 767 daAuts
     D:3: 693 daAuts

Table legend:
 A = Kills in this place as a percentage of kills in entire the game.
 B = Kills by you in this place as a percentage of kills by you in the entire game.
 C = Kills by friends in this place as a percentage of kills by friends in the entire game.
 D = Other kills in this place as a percentage of other kills in the entire game.
 E = Experience gained in this place as a percentage of experience gained in the entire game.
 F = Experience gained in this place divided by the number of levels of this place that you have seen.
                   A       B       C       D       E      F
               +-------+-------+-------+-------+-------+----------------------
         Total | 100.0 | 100.0 |   N/A |   N/A | 100.0 | 358.6
       Dungeon | 100.0 | 100.0 |   N/A |   N/A | 100.0 | 358.6
               +-------+-------+-------+-------+-------+----------------------
